IL
PAWTUCKET RED SOX @ CHARLOTTE KNIGHTS
08/18/2047
 
TOP OF THE 1ST
Pawtucket Red Sox batting - Pitching for Charlotte Knights : LHP Isaias Felix
Pitching: LHP Isaias Felix
Batting: LHB Tim Fuller 0-0: Foul Ball, location: 2F
0-1: Called Strike
0-2: Ball
1-2: Ball
2-2: Ball
3-2: Foul Ball, location: 2F
3-2: Ground out 6-3 (Groundball, 6D, EV 108.1 MPH)
Batting: RHB Eric Garrett 0-0: Called Strike
0-1: Ball
1-1: Ball
2-1: Swinging Strike
2-2: Ball
3-2: Strikes out swinging
Batting: LHB Jarrett Mordecai 0-0: Ball
1-0: SOLO HOME RUN (Flyball, 9D, EV 93.1 MPH), Distance : 350 ft
Batting: RHB Jose Diaz 0-0: Ball
1-0: Fly out, F8 (Flyball, 8RM, EV 90.0 MPH)
Top of the 1st over - 1 run, 1 hit, 0 errors, 0 left on base; Pawtucket 1 - Charlotte 0
BOTTOM OF THE 1ST
Charlotte Knights batting - Pitching for Pawtucket Red Sox : LHP Eric Del Sordo
Pitching: LHP Eric Del Sordo
Batting: RHB Guillermo Mojica 0-0: Ground out 5-3 (Groundball, 56, EV 107.5 MPH)
Batting: RHB Jason Moss 0-0: Ball
1-0: Called Strike
1-1: Called Strike
1-2: Strikes out swinging
Batting: LHB Carlos Ramirez 0-0: Swinging Strike
0-1: Ball
1-1: Ball
2-1: Foul Ball, location: 2F
2-2: Strikes out looking
Bottom of the 1st over - 0 runs, 0 hits, 0 errors, 0 left on base; Pawtucket 1 - Charlotte 0
TOP OF THE 2ND
Pawtucket Red Sox batting - Pitching for Charlotte Knights : LHP Isaias Felix
Batting: RHB Brandon Perris 0-0: Foul Ball, location: 2F
0-1: Ball
1-1: Ball
2-1: Ground out 6-3 (Groundball, 6, EV 103.8 MPH)
Batting: RHB Neil Mautone 0-0: Ball
1-0: Called Strike
1-1: SINGLE (Groundball, 3D, EV 98.1 MPH)
Batting: RHB Xavier Joslin 0-0: Foul Ball, location: 2F
0-1: Foul Ball, location: 2F
0-2: Ball
1-2: Strikes out swinging
Batting: RHB John Chiesa 0-0: Ball
1-0: Foul Ball, location: 2F
1-1: Ball
2-1: Foul Ball, location: 2F
2-2: Strikes out looking
Top of the 2nd over - 0 runs, 1 hit, 0 errors, 1 left on base; Pawtucket 1 - Charlotte 0
BOTTOM OF THE 2ND
Charlotte Knights batting - Pitching for Pawtucket Red Sox : LHP Eric Del Sordo
Batting: RHB Jeremy Hoffert 0-0: Ball
1-0: Ball
2-0: Ground out 6-3 (Groundball, 6, EV 83.8 MPH)
Batting: RHB Nick Kleckner 0-0: Called Strike
0-1: Ground out 4-3 (Groundball, 34, EV 109.4 MPH)
Batting: RHB Jose Medina 0-0: Called Strike
0-1: Fly out, F9 (Line Drive, 9LS, EV 95.0 MPH)
Bottom of the 2nd over - 0 runs, 0 hits, 0 errors, 0 left on base; Pawtucket 1 - Charlotte 0
TOP OF THE 3RD
Pawtucket Red Sox batting - Pitching for Charlotte Knights : LHP Isaias Felix
Batting: RHB Joe Evrard 0-0: Called Strike
0-1: Ball
1-1: Called Strike
1-2: Ball
2-2: Fly out, F7 (Flyball, 78D, EV 99.4 MPH)
Batting: LHB Tim Fuller 0-0: Ball
1-0: Called Strike
1-1: Ball
2-1: SOLO HOME RUN (Flyball, 8LXD, EV 112.5 MPH), Distance : 439 ft
Batting: RHB Eric Garrett 0-0: Ball
1-0: Ground out 6-3 (Groundball, 6, EV 90.0 MPH)
Batting: LHB Jarrett Mordecai 0-0: Foul Ball, location: 2F
0-1: Ball
1-1: Ball
2-1: Called Strike
2-2: Strikes out swinging
Top of the 3rd over - 1 run, 1 hit, 0 errors, 0 left on base; Pawtucket 2 - Charlotte 0
BOTTOM OF THE 3RD
Charlotte Knights batting - Pitching for Pawtucket Red Sox : LHP Eric Del Sordo
Batting: LHB Angel Tellez 0-0: Ball
1-0: Called Strike
1-1: Foul Ball, location: 2F
1-2: Ball
2-2: Ground out 4-3 (Groundball, 4S, EV 68.1 MPH)
Batting: RHB Kikuo Sato 0-0: Foul Ball, location: 2F
0-1: Foul Ball, location: 2F
0-2: Strikes out swinging
Batting: RHB Steve Waltenbery 0-0: Ball
1-0: Ball
2-0: Called Strike
2-1: SINGLE (Groundball, 5S, EV 63.1 MPH) (infield hit)
Batting: RHB Guillermo Mojica 0-0: Ball
1-0: Called Strike
Steve Waltenbery steals 2nd base (no throw)
1-1: Foul Ball, location: 2F
1-2: Ball
2-2: Strikes out swinging
Bottom of the 3rd over - 0 runs, 1 hit, 0 errors, 1 left on base; Pawtucket 2 - Charlotte 0
TOP OF THE 4TH
Pawtucket Red Sox batting - Pitching for Charlotte Knights : LHP Isaias Felix
Batting: RHB Jose Diaz 0-0: Called Strike
0-1: Ball
1-1: Fly out, F7 (Flyball, 7, EV 91.2 MPH)
Batting: RHB Brandon Perris 0-0: Ball
1-0: Ball
2-0: Ball
3-0: Called Strike
3-1: Foul Ball, location: 2F
3-2: Foul Ball, location: 2F
3-2: DOUBLE (Line Drive, 89M, EV 93.8 MPH)
Batting: RHB Neil Mautone 0-0: Ball
1-0: Called Strike
1-1: Called Strike
1-2: Foul Ball, location: 2F
1-2: Ball
2-2: Foul Ball, location: 2F
2-2: Strikes out swinging
Batting: RHB Xavier Joslin 0-0: Called Strike
0-1: Called Strike
0-2: Ball
1-2: Foul Ball, location: 2F
1-2: Ball
2-2: Strikes out swinging
Top of the 4th over - 0 runs, 1 hit, 0 errors, 1 left on base; Pawtucket 2 - Charlotte 0
BOTTOM OF THE 4TH
Charlotte Knights batting - Pitching for Pawtucket Red Sox : LHP Eric Del Sordo
Batting: RHB Jason Moss 0-0: Foul Ball, location: 2F
0-1: Ball
1-1: Foul Ball, location: 2F
1-2: Foul Ball, location: 2F
1-2: Foul Ball, location: 2F
1-2: Strikes out looking
Batting: LHB Carlos Ramirez 0-0: Ball
1-0: Ball
2-0: Ball
3-0: Base on Balls
Batting: RHB Jeremy Hoffert 0-0: Ball
1-0: DOUBLE (Line Drive, 8LD, EV 104.4 MPH)
Carlos Ramirez to third
Batting: RHB Nick Kleckner 0-0: Swinging Strike
0-1: SINGLE (Line Drive, 9S, EV 101.9 MPH)
Carlos Ramirez scores
Jeremy Hoffert to third
Runner from 3rd tries for Home, SAFE, throw by RF to home
Batting: RHB Jose Medina 0-0: Called Strike
0-1: Ball
1-1: Grounds into double play, 4-6-3 (Groundball, 34, EV 86.9 MPH)
Bottom of the 4th over - 2 runs, 2 hits, 0 errors, 0 left on base; Pawtucket 2 - Charlotte 2
TOP OF THE 5TH
Pawtucket Red Sox batting - Pitching for Charlotte Knights : LHP Isaias Felix
Batting: RHB John Chiesa 0-0: Ball
1-0: Ball
2-0: Called Strike
2-1: Ball
3-1: Base on Balls
Batting: RHB Joe Evrard 0-0: Foul Ball, location: 2F
0-1: SINGLE (Line Drive, 56, EV 98.1 MPH)
John Chiesa to second
Batting: LHB Tim Fuller 0-0: Foul Ball, location: 2F
0-1: Ball
1-1: Ball
2-1: Foul Ball, location: 2F
2-2: Ball
3-2: Strikes out swinging
Batting: RHB Eric Garrett 0-0: Ball
1-0: Foul Ball, location: 2F
1-1: Foul Ball, location: 2F
1-2: Ball
2-2: Ball
3-2: Foul Ball, location: 2F
3-2: Fly out, F8 (Line Drive, 8LD, EV 101.9 MPH)
Batting: LHB Jarrett Mordecai 0-0: Fly out, F8 (Line Drive, 78M, EV 93.8 MPH)
Top of the 5th over - 0 runs, 1 hit, 0 errors, 2 left on base; Pawtucket 2 - Charlotte 2
BOTTOM OF THE 5TH
Charlotte Knights batting - Pitching for Pawtucket Red Sox : LHP Eric Del Sordo
Batting: LHB Angel Tellez 0-0: Swinging Strike
0-1: Ball
1-1: Ball
2-1: Fly out, F7 (Flyball, 7, EV 78.1 MPH)
Batting: RHB Kikuo Sato 0-0: Ball
1-0: Ball
2-0: Ground out 6-3 (Groundball, 56D, EV 100.6 MPH)
Batting: RHB Steve Waltenbery 0-0: Ball
1-0: Fly out, F6 (Popup, 6, EV 51.9 MPH)
Bottom of the 5th over - 0 runs, 0 hits, 0 errors, 0 left on base; Pawtucket 2 - Charlotte 2
TOP OF THE 6TH
Pawtucket Red Sox batting - Pitching for Charlotte Knights : LHP Isaias Felix
Batting: RHB Jose Diaz 0-0: Ball
1-0: Ball
2-0: Foul Ball, location: 2F
2-1: Ball
3-1: Base on Balls
Batting: RHB Brandon Perris 0-0: Called Strike
0-1: Grounds into double play, 5-4-3 (Groundball, 56S, EV 86.9 MPH)
Batting: RHB Neil Mautone 0-0: DOUBLE (Flyball, 78D, EV 101.9 MPH)
Batting: RHB Xavier Joslin 0-0: Swinging Strike
0-1: Swinging Strike
0-2: Ball
1-2: Ball
2-2: Fly out, F7 (Line Drive, 78S, EV 97.5 MPH)
Top of the 6th over - 0 runs, 1 hit, 0 errors, 1 left on base; Pawtucket 2 - Charlotte 2
BOTTOM OF THE 6TH
Charlotte Knights batting - Pitching for Pawtucket Red Sox : LHP Eric Del Sordo
Batting: RHB Guillermo Mojica 0-0: Ground out 1-3 (Groundball, 15, EV 66.2 MPH)
Batting: RHB Jason Moss 0-0: Called Strike
0-1: Swinging Strike
0-2: Fly out, F9 (Flyball, 9, EV 74.4 MPH)
Batting: LHB Carlos Ramirez 0-0: Called Strike
0-1: DOUBLE (Line Drive, 8RXD, EV 106.2 MPH)
Batting: RHB Jeremy Hoffert 0-0: Ball
1-0: Foul Ball, location: 2F
1-1: Ball
2-1: Swinging Strike
2-2: Ball
3-2: Base on Balls
Pinch Runner at 2nd Adam Lambert:
Batting: RHB Nick Kleckner 0-0: Ball
1-0: Ball
2-0: Foul Ball, location: 2F
2-1: Ball
3-1: Called Strike
3-2: Strikes out swinging
Bottom of the 6th over - 0 runs, 1 hit, 0 errors, 2 left on base; Pawtucket 2 - Charlotte 2
TOP OF THE 7TH
Pawtucket Red Sox batting - Pitching for Charlotte Knights : LHP Isaias Felix
Pitching: RHP Derrick Easley
Now at 1B: Alberto Carrasco
Pinch Hitting: LHB David Moore 0-0: Swinging Strike
0-1: Foul Ball, location: 2F
0-2: Foul Ball, location: 2F
0-2: Strikes out swinging
Pinch Hitting: LHB John Bailey 0-0: Ball
1-0: Called Strike
1-1: Ball
2-1: Swinging Strike
2-2: Strikes out swinging
Batting: LHB Tim Fuller 0-0: Called Strike
0-1: Swinging Strike
0-2: Fly out, F6 (Popup, 6D, EV 40.6 MPH)
Top of the 7th over - 0 runs, 0 hits, 0 errors, 0 left on base; Pawtucket 2 - Charlotte 2
BOTTOM OF THE 7TH
Charlotte Knights batting - Pitching for Pawtucket Red Sox : LHP Eric Del Sordo
Now at 3B: John Bailey
Now at SS: Brandon Perris
Now in CF: Dave Reyes
Batting: RHB Jose Medina 0-0: Ball
1-0: Ground out 4-3 (Groundball, 34D, EV 85.0 MPH)
Batting: LHB Angel Tellez 0-0: Fly out, F9 (Flyball, 9, EV 83.1 MPH)
Batting: RHB Kikuo Sato 0-0: Ball
1-0: Ground out 5-3 (Groundball, 56S, EV 81.9 MPH)
Bottom of the 7th over - 0 runs, 0 hits, 0 errors, 0 left on base; Pawtucket 2 - Charlotte 2
TOP OF THE 8TH
Pawtucket Red Sox batting - Pitching for Charlotte Knights : RHP Derrick Easley
Pinch Hitting: LHB Cooper Broomhall 0-0: Foul Ball, location: 2F
0-1: Foul Ball, location: 2F
0-2: Strikes out swinging
Batting: LHB Jarrett Mordecai 0-0: Called Strike
0-1: Foul Ball, location: 2F
0-2: Ball
1-2: Ball
2-2: SOLO HOME RUN (Flyball, 9D, EV 94.4 MPH), Distance : 362 ft
Batting: RHB Jose Diaz 0-0: Fly out, F2 (Popup, 13S, EV 86.9 MPH)
Batting: RHB Brandon Perris 0-0: Foul Ball, location: 2F
0-1: Swinging Strike
0-2: Foul Ball, location: 2F
0-2: Strikes out looking
Top of the 8th over - 1 run, 1 hit, 0 errors, 0 left on base; Pawtucket 3 - Charlotte 2
BOTTOM OF THE 8TH
Charlotte Knights batting - Pitching for Pawtucket Red Sox : LHP Eric Del Sordo
Now in LF: Mike Jones
Now in RF: Jose Diaz
Batting: RHB Steve Waltenbery 0-0: Ball
1-0: Ball
2-0: Called Strike
2-1: Called Strike
2-2: Strikes out swinging
Batting: RHB Guillermo Mojica 0-0: Ball
1-0: Swinging Strike
1-1: Swinging Strike
1-2: Strikes out swinging
Batting: RHB Jason Moss 0-0: Ball
1-0: Foul Ball, location: 2F
1-1: Fly out, F2 (Popup, 23F, EV 85.0 MPH)
Bottom of the 8th over - 0 runs, 0 hits, 0 errors, 0 left on base; Pawtucket 3 - Charlotte 2
TOP OF THE 9TH
Pawtucket Red Sox batting - Pitching for Charlotte Knights : RHP Derrick Easley
Pitching: RHP Luis Castillo
Pinch Hitting: LHB Aaron Brannon 0-0: Ball
1-0: Ball
2-0: Ball
3-0: Called Strike
3-1: Fly out, F8 (Flyball, 8RXD, EV 101.2 MPH)
Batting: RHB Xavier Joslin 0-0: Swinging Strike
0-1: Swinging Strike
0-2: Ball
1-2: Ground out 5-3 (Groundball, 56S, EV 72.5 MPH)
Batting: LHB Dave Reyes 0-0: Called Strike
0-1: Foul Ball, location: 2F
0-2: Ball
1-2: Ball
2-2: Ball
3-2: Strikes out swinging
Top of the 9th over - 0 runs, 0 hits, 0 errors, 0 left on base; Pawtucket 3 - Charlotte 2
BOTTOM OF THE 9TH
Charlotte Knights batting - Pitching for Pawtucket Red Sox : LHP Eric Del Sordo
Pitching: RHP John Jordan
Now at C: Pat Bulger
Batting: LHB Alberto Carrasco 0-0: Called Strike
0-1: SINGLE (Flyball, 89S, EV 88.1 MPH)
Pinch Hitting: LHB Hirakito Herring 0-0: Ball
1-0: Called Strike
1-1: Called Strike
1-2: Ball
2-2: 2-RUN HOME RUN (Flyball, 78XD, EV 108.1 MPH), Distance : 415 ft
Bottom of the 9th over - 2 runs, 2 hits, 0 errors, 0 left on base; Pawtucket 3 - Charlotte 4
Thursday, December 15th , 2022 - OOTP Baseball 23.9 Build 102